AoeStats
← KingRiles

Arena

509711216Analyzed
3v3 RM · 3d ago on Sep 27, 2026· 38m 21s· 6 players
Game mode
Random Map
Map size
Normal (6 player)
Population
200
Speed
Normal
Resources
Standard
Victory
Conquest
Starting age
Dark Age
Ending age
Imperial Age
RankedLock teamsTeams togetherTeam positionsShared explorationLock speedFull tech treeHidden civsTurbo modeCheats
Victory
Defeat
🇦🇷 Italians · Argentina
999
+16
🇦🇷 Spanish · Argentina
910
+20
🇦🇷 Byzantines · Argentina
881
+21
🇺🇸 Franks · United States
1081
-21
🇺🇸 Aztecs · United States
983
-19
🇺🇸 Wu · United States
941
-17
Gengis
9:42 Feudal Age
13:38 Castle Age
11:34 Double-Bit Axe
14:37 Bow Saw
14:09 Horse Collar
20:29 Heavy Plow
21:59 Loom
27:03 Imperial Age
25:10 Wheelbarrow
26:12 Crossbowman
26:43 Fletching
26:54 Padded Archer Armor
28:05 Conscription
27:42 Bodkin Arrow
28:27 Leather Archer Armor
28:59 Bracer
29:22 Ballistics
30:03 Chemistry
31:44 Ring Archer Armor
32:07 Arbalester
32:53 Thumb Ring
38:20 Two-Man Saw
37:50 Crop Rotation
37:11 Gold Mining
37:12 Stone Mining
38:37 Hand Cart
38:08 Town Watch
39:00 Stone Shaft Mining
elcolasabrosa
6:58 Loom
11:29 Feudal Age
12:25 Double-Bit Axe
12:28 Horse Collar
19:21 Castle Age
18:31 Scale Barding Armor
19:35 Forging
20:51 Bow Saw
21:19 Husbandry
26:11 Wheelbarrow
36:20 Squires
35:41 Pikeman
36:14 Arson
36:57 Chain Barding Armor
37:15 Iron Casting
36:42 Scale Mail Armor
36:33 Fletching
TheVaper
10:52 Feudal Age
20:04 Castle Age
18:06 Double-Bit Axe
18:55 Gold Mining
21:21 Scale Barding Armor
21:27 Forging
23:55 Redemption
24:50 Chain Barding Armor
24:55 Fervor
27:03 Sanctity
29:06 Inquisition
33:57 Horse Collar
38:08 Imperial Age
38:21 Squires
38:07 Arson
37:42 Pikeman
KingRiles
12:02 Feudal Age
16:47 Castle Age
14:39 Horse Collar
15:11 Double-Bit Axe
18:17 Bow Saw
25:21 Wheelbarrow
24:31 Town Watch
24:32 Loom
28:29 Forging
28:19 Scale Mail Armor
28:43 Hand Cart
30:22 Iron Casting
32:32 Imperial Age
30:57 Atlatl
31:04 Pikeman
31:50 Eagle Warrior
33:17 Chain Mail Armor
CodyWyoming82414
11:11 Feudal Age
14:49 Castle Age
13:19 Double-Bit Axe
13:26 Horse Collar
14:48 Stone Mining
20:51 Fletching
22:04 Bow Saw
22:34 Gold Mining
25:55 Wheelbarrow
25:07 Town Watch
25:08 Loom
25:25 Bodkin Arrow
25:31 Padded Archer Armor
27:00 Town Patrol
27:40 Hand Cart
29:07 Gold Shaft Mining
29:11 Stone Shaft Mining
30:13 Light Cavalry
31:09 Bloodlines
31:09 Husbandry
33:02 Scale Barding Armor
33:13 Leather Archer Armor
32:55 Pikeman
33:50 Forging
Shadow 00 Fox
11:57 Feudal Age
16:16 Castle Age
14:14 Double-Bit Axe
16:30 Scale Barding Armor
16:38 Forging
16:28 Loom
17:25 Wheelbarrow
18:08 Stone Mining
22:40 Fervor
22:27 Town Watch
24:24 Wheelbarrow
24:14 Husbandry
24:42 Bow Saw
27:48 Hand Cart
28:09 Light Cavalry
32:31 Imperial Age
30:45 Chain Barding Armor
31:47 Iron Casting
32:39 Cavalier
34:15 Plate Barding Armor
33:42 Gold Mining
36:39 Blast Furnace
37:22 Devotion
Connection lost

Rejoining the realm…

Still unreachable

The connection could not be restored.

Session expired

The server has moved on; the page needs a fresh start.